 Dungeon Crawl Stone Soup version 0.18.1-5-g4a78601 (webtiles) character file.

5691 PossumBlood the Severer (level 10, -15/78 HPs)
             Began as a Minotaur Fighter on May 10, 2016.
             Was an Elder of Okawaru.
             Demolished by a bone dragon (20 damage)
             ... on level 2 of the Abyss.
             The game lasted 00:16:08 (6981 turns).

PossumBlood the Severer (Minotaur Fighter)          Turns: 6981, Time: 00:16:09

Health: -15/78     AC: 25    Str: 34    XL:     10   Next: 47%
Magic:  7/9        EV:  9    Int: 14    God:    Okawaru [****..]
Gold:   419        SH: 12    Dex:  7    Spells: 0 memorised, 9 levels left

rFire  . . .     SeeInvis .     O - +5 broad axe "Siecoifo" {freeze, Str+5 Int+2 Dex-3}
rCold  . . .     Gourm    .     J - +8 chain mail of Light {Int+7}
rNeg   . . .     Faith    .     c - +0 shield
rPois  .         Spirit   .     (helmet restricted)
rElec  .         Dismiss  .     p - +0 cloak
rCorr  .         Reflect  .     I - +0 pair of gloves
SustAt .         Harm     .     (no boots)
MR     .....                    (no amulet)
Stlth  ..........               (no ring)
                                v - +4 ring of protection

@: mighty, heroism, not resistant to hostile enchantments, extremely unstealthy
A: retaliatory headbutt, horns 2
a: Heroism, Renounce Religion


You were on level 2 of the Abyss.
You worshipped Okawaru.
Okawaru was greatly pleased with you.
You were not hungry.

You visited 2 branches of the dungeon, and saw 10 of its levels.
You visited the Abyss 1 time.

You collected 419 gold pieces.

Inventory:

Hand Weapons
 a - a +0 war axe
 O - the +5 broad axe "Siecoifo" (weapon) {freeze, Str+5 Int+2 Dex-3}
   (You took it off an orc on level 8 of the Dungeon)

   It has been specially enchanted to freeze those struck by it, causing extra
   injury to most foes and up to half again as much damage against particularly
   susceptible opponents.
   It can also slow down cold-blooded creatures.
   It affects your strength (+5).
   It affects your intelligence (+2).
   It affects your dexterity (-3).
Armour
 c - a +0 shield (worn)
 p - a +0 cloak (worn)
 I - a +0 pair of gloves (worn)
 J - the +8 chain mail of Light (worn) {Int+7}
   (You found it on level 6 of the Dungeon)

   It affects your intelligence (+7).
 M - a +0 plate armour
Jewellery
 v - a +4 ring of protection (left hand)
 A - an uncursed ring of wizardry {unknown}
 D - an uncursed ring of wizardry {unknown}
 P - an uncursed ring of resist corrosion {unknown}
Wands
 m - a wand of confusion (22/48)
 N - a wand of flame (24/48)
Scrolls
 h - 8 scrolls of identify {unknown}
 k - 6 scrolls of blinking {unknown}
 o - a scroll of recharging {unknown}
 q - 3 scrolls of enchant weapon {unknown}
 u - 2 scrolls of fear {unknown}
 y - 3 scrolls of remove curse {unknown}
 z - 3 scrolls of magic mapping {unknown}
 B - a scroll of noise {unknown}
 C - 4 scrolls of enchant armour {unknown}
 E - a scroll of random uselessness {unknown}
 H - a scroll of amnesia {unknown}
 L - 3 scrolls of teleportation {unknown}
Potions
 b - a potion of cancellation {unknown}
 e - 5 potions of curing {unknown}
 i - 2 potions of heal wounds {unknown}
 j - 2 potions of brilliance {unknown}
 l - 2 potions of flight {unknown}
 n - a potion of haste {unknown}
 s - a potion of mutation {unknown}
 t - a potion of degeneration {unknown}
 w - a potion of magic {unknown}
 F - 3 potions of agility {unknown}
 K - 2 potions of cure mutation {unknown}
Books
 G - a book of Annihilations

   Spells                             Type                      Level
   a - Poison Arrow                   Conjuration/Poison           6
   b - Chain Lightning                Conjuration/Air              8
   c - Lehudib's Crystal Spear        Conjuration/Earth            8
   d - Glaciate                       Conjuration/Ice              9
   e - Fire Storm                     Conjuration/Fire             9
Comestibles
 f - 6 bread rations
 g - 4 meat rations
 r - a royal jelly
 x - 11 beef jerkies


   Skills:
 - Level 4.0(9.0) Fighting
 * Level 17.3(22.3) Axes
 - Level 3.6(8.6) Armour
 - Level 3.6(8.6) Shields


You had 9 spell levels left.
You didn't know any spells.

Dungeon Overview and Level Annotations

Branches:
Dungeon (9/15)             Temple (1/1) D:5
   Lair: D:8-11         Orc: D:9-12

Altars:
Ashenzari
Cheibriados
Dithmenos
Elyvilon
Fedhas
Gozag
Kikubaaqudgha
Makhleb
Nemelex Xobeh
Okawaru
Pakellas
Qazlal
Ru
Sif Muna
Trog
Vehumet
Xom
Yredelemnul
Zin
The Shining One

Shops:
D:5 *   D:7 [   D:8 }

Annotations:
D:9 Erolcha


Innate Abilities, Weirdness & Mutations

You reflexively headbutt those who attack you in melee.
You have a pair of horns on your head.


Message History

You slice the ynoxinul!!
You kill the ynoxinul!
Okawaru accepts your kill. You block the bone dragon's attack.
The bone dragon claws you but does no damage.
The bone dragon tramples you but does no damage.
You slash the bone dragon! You freeze the bone dragon.
You headbutt the bone dragon, but do no damage.
The bone dragon is severely damaged.
You slice the bone dragon!! You freeze the bone dragon.
The bone dragon is almost destroyed.
The bone dragon bites you.
* * * LOW HITPOINT WARNING * * *
The bone dragon claws you!
* * * LOW HITPOINT WARNING * * *
You block the bone dragon's attack.
You slash the bone dragon! You freeze the bone dragon.
The bone dragon is almost destroyed.
The bone dragon bites you!!
You die...

##### ##....
##..#..#
##....#.#.
##........#
#........##
##.#......#
#...@.....##
#...D......# .
#..........#.#
...............
..#..........##.
# #......#.....
#........[.#.
#..........###.
. # .....##### .


You could see a bone dragon.

Vanquished Creatures
  Pikel (D:4)
  A large abomination (Abyss:2)
  Psyche (D:8)
  A small abomination (Abyss:2)
  2 ynoxinuls (Abyss:2)
  Sigmund (D:4)
  5 starcursed masses (Abyss:2)
  2 hungry ghosts (D:8)
  Edmund (D:5)
  An orc warrior (D:7)
  2 phantoms
  3 ice beasts
  2 eyes of draining
  A slave (D:4)
  7 ogres
  2 centaurs
  3 giant frogs
  3 scorpions
  2 howler monkeys
  A centaur zombie (D:6)
  3 giant frog zombies
  A giant frog skeleton (D:7)
  A centaur skeleton (D:4)
  3 hounds
  3 orc priests
  3 orc wizards
  A gnoll shaman (D:7)
  8 worker ants
  A worker ant zombie (D:7)
  Robin (D:4)
  13 adders
  3 gnolls (D:7)
  2 shadow imps
  3 oozes
  An adder zombie (D:5)
  An adder skeleton (D:4)
  2 worms
  A dart slug (D:1)
  10 giant geckos
  24 orcs
  A ball python (D:1)
  6 bats
  8 giant cockroaches
  13 goblins
  9 hobgoblins
  4 jackals (D:7)
  3 quokkas
  5 giant newts
  12 kobolds
  2 quokka skeletons
  8 rats
198 creatures vanquished.

Notes
Turn   | Place    | Note
--------------------------------------------------------------
     0 | D:1      | PossumBlood the Minotaur Fighter began the quest for the Orb.
     0 | D:1      | Reached XP level 1. HP: 19/19 MP: 0/0
   212 | D:1      | Reached skill level 3 in Axes
   239 | D:1      | Reached XP level 2. HP: 25/26 MP: 1/1
   356 | D:1      | Reached skill level 4 in Axes
   587 | D:1      | Reached XP level 3. HP: 31/31 MP: 2/2
   977 | D:2      | Reached skill level 5 in Axes
  1338 | D:3      | Found a faded altar to an unknown god.
  1340 | D:3      | Reached XP level 4. HP: 39/39 MP: 3/3
  2009 | D:4      | Noticed Robin
  2026 | D:4      | Killed Robin
  2026 | D:4      | Reached skill level 6 in Axes
  2128 | D:4      | Noticed Sigmund
  2130 | D:4      | Reached XP level 5. HP: 45/45 MP: 4/4
  2136 | D:4      | Killed Sigmund
  2136 | D:4      | Reached skill level 7 in Axes
  2136 | D:4      | Reached XP level 6. HP: 41/51 MP: 5/5
  2172 | D:4      | Reached skill level 8 in Axes
  2445 | D:4      | Noticed a slave
  2462 | D:4      | Killed a slave
  2463 | D:4      | Noticed Pikel
  2463 | D:4      | Noticed a slave
  2464 | D:4      | Noticed a slave
  2464 | D:4      | Noticed a slave
  2472 | D:4      | Killed Pikel
  2472 | D:4      | Reached skill level 10 in Axes
  2472 | D:4      | Reached XP level 7. HP: 44/57 MP: 6/6
  3087 | D:5      | Entered Level 5 of the Dungeon
  3115 | D:5      | Found Gozag's Platinum Reserve.
  3177 | D:5      | Found an opulent altar of Gozag.
  3281 | D:5      | Reached skill level 11 in Axes
  3479 | D:5      | Noticed Edmund
  3491 | D:5      | Killed Edmund
  3491 | D:5      | Reached XP level 8. HP: 61/64 MP: 7/7
  3611 | D:5      | Found a staircase to the Ecumenical Temple.
  3620 | Temple   | Entered the Ecumenical Temple
  3631 | Temple   | Became a worshipper of Warmaster Okawaru
  3790 | D:5      | Found a shadowy altar of Dithmenos.
  3874 | D:6      | Reached skill level 12 in Axes
  3898 | D:6      | Found a sacrificial altar of Ru.
  4063 | D:6      | Reached * piety under Okawaru
  4369 | D:6      | Reached skill level 13 in Axes
  4551 | D:6      | Found a shattered altar of Ashenzari.
  4688 | D:6      | Got a faintly humming chain mail
  4699 | D:6      | Identified the +8 chain mail of Light {Int+7} (You found it on level 6 of the Dungeon)
  4747 | D:6      | Reached ** piety under Okawaru
  4747 | D:6      | Reached XP level 9. HP: 55/70 MP: 8/8
  5278 | D:7      | Reached skill level 14 in Axes
  5695 | D:7      | Found Jejuywi's Antique Armour Shop.
  5885 | D:8      | Reached skill level 15 in Axes
  6008 | D:8      | Noticed Psyche
  6019 | D:8      | Killed Psyche
  6019 | D:8      | Reached *** piety under Okawaru
  6329 | D:8      | Found Cuokhy's Gadget Shop.
  6391 | D:8      | Reached skill level 16 in Axes
  6428 | D:8      | Got a twisted broad axe {freeze}
  6429 | D:8      | Identified the +5 broad axe "Siecoifo" {freeze, Str+5 Int+2 Dex-3} (You took it off an orc on level 8 of the Dungeon)
  6538 | D:8      | Reached XP level 10. HP: 78/78 MP: 9/9
  6723 | D:9      | Noticed Erolcha
  6743 | D:9      | Cast into level 2 of the Abyss (Erolcha)
  6774 | Abyss:2  | Reached **** piety under Okawaru
  6884 | Abyss:2  | Noticed a large abomination
  6884 | Abyss:2  | Noticed a starcursed mass
  6894 | Abyss:2  | Killed a large abomination
  6898 | Abyss:2  | Killed a starcursed mass
  6900 | Abyss:2  | Killed a starcursed mass
  6900 | Abyss:2  | Reached skill level 17 in Axes
  6903 | Abyss:2  | Killed a starcursed mass
  6966 | Abyss:2  | Noticed a bone dragon
  6981 | Abyss:2  | Demolished by a bone dragon

Skill      XL: |  1  2  3  4  5  6  7  8  9 10 |
---------------+-------------------------------+-----
Axes           | 3 4 5 6 7 10 11 13 16 17 | 17.3
Fighting       | 4 |  4.0
Armour         | |  3.6
Shields        | |  3.6

Action                   |  1- 3 |  4- 6 |  7- 9 | 10-12 || total
-------------------------+-------+-------+-------+-------++-------
Melee: War axe           |    72 |   100 |   396 |       ||   568
       Headbutt          |     8 |    13 |    64 |    11 ||    96
       Broad axe         |       |       |     9 |    32 ||    41
Invok: Heroism           |       |       |       |     2 ||     2
  Use: Potion            |       |       |       |     1 ||     1
  Eat: Bread ration      |     1 |       |     3 |     1 ||     5
       Beef jerky        |       |       |     1 |       ||     1
       Pizza             |       |       |     1 |       ||     1
Armor: Scale mail        |    30 |    47 |    59 |       ||   136
       Chain mail        |       |       |    93 |    18 ||   111
Dodge: Dodged            |    25 |    27 |    64 |     9 ||   125
Block: Shield            |    39 |    59 |   173 |    20 ||   291
